[Event "Czech Open GM 2020"]
[Site "Pardubice"]
[Date "2020.09.27"]
[Round "8.9"]
[White "Haba, Petr"]
[Black "Bulockin, Martin"]
[Result "1/2-1/2"]
[ECO "E11"]
[WhiteElo "2461"]
[BlackElo "2297"]
[Annotator "ChessBase"]
[PlyCount "54"]
[EventDate "2020.09.21"]
[EventCountry "CZE"]
[SourceTitle "playchess.com"]
[Source "ChessBase"]
[SourceQuality "1"]
[TimeControl "40/5400+30:1800+30"]

1. d4 Nf6 2. c4 e6 3. g3 Bb4+ 4. Nd2 O-O 5. Bg2 d6 6. Ngf3 Nbd7 7. O-O Bxd2 8. Qxd2 Ne4 9. Qc2 f5 10. Ne1 Ng5 11. b3 Qf6 12. Nd3 Rb8 13. c5 Nf7 14. Rd1 Qe7 15. a4 Nf6 16. Ba3 Rd8 17. cxd6 cxd6 18. Ne5 Ne8 19. Rac1 Qf6 20. Nxf7 Qxf7 21. Qd2 d5 22. Rc2 b6 23. Rdc1 Ba6 24. Bf1 h6 25. Qe3 Qd7 26. Qd2 Rbc8 27. Qb4 Rxc2 1/2-1/2

[Event "Czech Open GM 2020"]
[Site "Pardubice"]
[Date "2020.09.27"]
[Round "8.10"]
[White "Parvanyan, Ashot"]
[Black "Krasteva, Beloslava"]
[Result "1/2-1/2"]
[ECO "B82"]
[WhiteElo "2458"]
[BlackElo "2296"]
[Annotator "ChessBase"]
[PlyCount "124"]
[EventDate "2020.09.21"]
[EventCountry "CZE"]
[SourceTitle "playchess.com"]
[Source "ChessBase"]
[SourceQuality "1"]
[TimeControl "40/5400+30:1800+30"]

1. e4 c5 2. Nf3 d6 3. d4 cxd4 4. Nxd4 Nf6 5. Nc3 a6 6. Bd3 e6 7. f4 Be7 8. e5 Nfd7 9. exd6 Bxd6 10. Ne4 Nc5 11. Nxd6+ Qxd6 12. Be2 O-O 13. O-O Rd8 14. Be3 e5 15. Nb3 Qc7 16. Qe1 Nxb3 17. cxb3 Nc6 18. Rc1 exf4 19. Bxf4 Qe7 20. Qf2 Be6 21. Rc3 Nd4 22. Bd1 Rac8 23. Rxc8 Bxc8 24. Be3 Nf5 25. Bb6 Re8 26. Bc2 Nh6 27. h3 f6 28. Bd3 Bd7 29. Qc2 f5 30. Qc7 Bc6 31. Qf4 Be4 32. Bc4+ Kh8 33. Rd1 Ng8 34. a4 Nf6 35. a5 h6 36. Qf2 Nd7 37. Bd4 Kh7 38. Bc3 Ne5 39. Bf1 Nc6 40. Qb6 Rd8 41. Rxd8 Nxd8 42. b4 Ne6 43. Be5 Nf8 44. Qd6 Qe8 45. Qb8 Qxb8 46. Bxb8 Nd7 47. Bd6 Bc6 48. Kf2 Kg6 49. Ke3 Kf6 50. Kd4 Ke6 51. Bc7 Ke7 52. g3 Ke6 53. Bc4+ Ke7 54. Ba2 g6 55. Bf4 g5 56. Bc7 h5 57. h4 gxh4 58. gxh4 Nf8 59. Bg3 Ng6 60. Bb1 f4 61. Bf2 Kf6 62. Bxg6 Kxg6 1/2-1/2

[Event "Czech Open GM 2020"]
[Site "Pardubice"]
[Date "2020.09.27"]
[Round "8.11"]
[White "Storme, Isak"]
[Black "Lizak, Peter"]
[Result "1-0"]
[ECO "C03"]
[WhiteElo "2353"]
[BlackElo "2457"]
[Annotator "ChessBase"]
[PlyCount "89"]
[EventDate "2020.09.21"]
[EventCountry "CZE"]
[SourceTitle "playchess.com"]
[Source "ChessBase"]
[SourceQuality "1"]
[TimeControl "40/5400+30:1800+30"]

1. e4 e6 2. d4 d5 3. Nd2 h6 4. c3 c5 5. Ngf3 Nf6 6. exd5 exd5 7. Bb5+ Nc6 8. O-O Bd6 9. Re1+ Be6 10. dxc5 Bxc5 11. Nb3 Bb6 12. Nfd4 O-O 13. Bxc6 bxc6 14. Nxc6 Qd6 15. Ne5 Rfe8 16. Bf4 g5 17. Bg3 Qf8 18. Nd4 Qg7 19. Nd3 Bg4 20. f3 Bd7 21. Kh1 Rxe1+ 22. Qxe1 Re8 23. Qd2 Nh5 24. Bf2 g4 25. Nb4 g3 26. hxg3 Nxg3+ 27. Bxg3 Qxg3 28. Nxd5 Qh4+ 29. Kg1 Bd8 30. Qf4 Re1+ 31. Rxe1 Qxe1+ 32. Kh2 Bg5 33. Qg3 Qxg3+ 34. Kxg3 Kf8 35. f4 Bd8 36. c4 Ke8 37. c5 Be6 38. Nxe6 fxe6 39. Nb4 Kd7 40. Kf3 a5 41. Nd3 Kc6 42. Ke4 Bf6 43. Ne5+ Kb5 44. c6 Bd8 45. g4 1-0

[Event "Czech Open GM 2020"]
[Site "Pardubice"]
[Date "2020.09.27"]
[Round "8.12"]
[White "Seger, Ruediger"]
[Black "Zwardon, Vojtech"]
[Result "0-1"]
[ECO "B22"]
[WhiteElo "2312"]
[BlackElo "2455"]
[Annotator "ChessBase"]
[PlyCount "61"]
[EventDate "2020.09.21"]
[EventCountry "CZE"]
[SourceTitle "playchess.com"]
[Source "ChessBase"]
[SourceQuality "1"]
[TimeControl "40/5400+30:1800+30"]

1. e4 c5 2. c3 Nf6 3. e5 Nd5 4. d4 cxd4 5. Nf3 Nc6 6. cxd4 d6 7. Bc4 Be6 8. Qe2 g6 9. O-O Bg7 10. Rd1 O-O 11. exd6 Qxd6 12. Nc3 Rfd8 13. Bb3 Qb4 14. Nxd5 Bxd5 15. Bd2 Qb6 16. Bxd5 Rxd5 17. Bc3 e6 18. Rd2 Rad8 19. Rad1 Bh6 20. Rc2 e5 21. Be1 Nxd4 22. Nxd4 exd4 23. Qd3 Qe6 24. Re2 Qd6 25. g3 Qd7 26. Bd2 Bxd2 27. Rexd2 Qg4 28. Kg2 Rh5 29. f4 Re8 30. Kg1 Rd8 31. Kg2 0-1

[Event "Czech Open GM 2020"]
[Site "Pardubice"]
[Date "2020.09.27"]
[Round "8.13"]
[White "Stalmach, Richard"]
[Black "Koziak, Vitali"]
[Result "1-0"]
[ECO "A87"]
[WhiteElo "2287"]
[BlackElo "2434"]
[Annotator "ChessBase"]
[PlyCount "81"]
[EventDate "2020.09.21"]
[EventCountry "CZE"]
[SourceTitle "playchess.com"]
[Source "ChessBase"]
[SourceQuality "1"]
[TimeControl "40/5400+30:1800+30"]

1. d4 f5 2. Nf3 Nf6 3. c4 g6 4. g3 Bg7 5. Bg2 O-O 6. O-O d6 7. Nc3 Qe8 8. d5 Na6 9. Rb1 Nc5 10. b4 Nce4 11. Bb2 e5 12. dxe6 Bxe6 13. Nxe4 fxe4 14. Nd2 d5 15. cxd5 Bxd5 16. Qc2 Qc6 17. Qxc6 bxc6 18. Bxf6 Rxf6 19. Bxe4 Bxa2 20. Rbc1 Rd8 21. Rc2 Bf7 22. Bd3 Rb8 23. Ne4 Re6 24. Ng5 Rd6 25. Nxf7 Kxf7 26. b5 Ke7 27. bxc6 a5 28. Rfc1 a4 29. Ra2 Ra8 30. Kg2 a3 31. Rb1 Rd5 32. f4 Raa5 33. Be4 Rd4 34. Bf3 Rda4 35. e3 Ra8 36. Rb7 R8a7 37. Rb3 Bb2 38. Rd3 Kf6 39. Rd7 h5 40. h4 Rc4 41. Bd5 1-0

[Event "Czech Open GM 2020"]
[Site "Pardubice"]
[Date "2020.09.27"]
[Round "8.14"]
[White "Sernecki, Franciszek"]
[Black "Arkell, Keith C"]
[Result "1/2-1/2"]
[ECO "A44"]
[WhiteElo "2248"]
[BlackElo "2429"]
[Annotator "ChessBase"]
[PlyCount "115"]
[EventDate "2020.09.21"]
[EventCountry "CZE"]
[SourceTitle "playchess.com"]
[Source "ChessBase"]
[SourceQuality "1"]
[TimeControl "40/5400+30:1800+30"]

1. d4 c5 2. d5 e5 3. e4 d6 4. Nc3 Be7 5. Nf3 a6 6. a4 Bg4 7. b3 Nd7 8. h3 Bxf3 9. Qxf3 Bg5 10. Bb2 h5 11. h4 Bh6 12. g3 Ne7 13. Bh3 g6 14. O-O O-O 15. Bc1 Bxc1 16. Raxc1 f5 17. exf5 Nxf5 18. Qd1 Nf6 19. Qd3 Qa5 20. Rce1 Rae8 21. f4 e4 22. Nxe4 Kg7 23. Bxf5 gxf5 24. Qd2 Qxd2 25. Nxd2 b5 26. axb5 axb5 27. c4 Ng4 28. Rxe8 Rxe8 29. cxb5 Rb8 30. Nc4 Rxb5 31. Rb1 Rb8 32. Nxd6 Rd8 33. Nc4 Rxd5 34. Ra1 Rd3 35. Ra7+ Kf6 36. Ra6+ Ke7 37. Ra7+ Ke6 38. Ra6+ Kd5 39. Rd6+ Ke4 40. Rxd3 Kxd3 41. Ne5+ Kc3 42. Nxg4 fxg4 43. f5 Kxb3 44. f6 c4 45. f7 c3 46. f8=Q c2 47. Qf4 Kb2 48. Qb4+ Ka2 49. Qc3 Kb1 50. Qb3+ Ka1 51. Qa3+ Kb1 52. Qd3 Kb2 53. Qb5+ Ka2 54. Qa4+ Kb2 55. Qb4+ Ka2 56. Qc3 Kb1 57. Qb3+ Ka1 58. Qxc2 1/2-1/2

[Event "Czech Open GM 2020"]
[Site "Pardubice"]
[Date "2020.09.27"]
[Round "8.15"]
[White "Pantzar, Milton"]
[Black "Degenhard, Simon"]
[Result "1/2-1/2"]
[ECO "D35"]
[WhiteElo "2424"]
[BlackElo "2271"]
[Annotator "ChessBase"]
[PlyCount "119"]
[EventDate "2020.09.21"]
[EventCountry "CZE"]
[SourceTitle "playchess.com"]
[Source "ChessBase"]
[SourceQuality "1"]
[TimeControl "40/5400+30:1800+30"]

1. d4 Nf6 2. c4 e6 3. Nc3 d5 4. cxd5 Nxd5 5. e4 Nxc3 6. bxc3 c5 7. Rb1 Be7 8. h4 Nc6 9. Nf3 O-O 10. h5 h6 11. Be2 b6 12. Rh3 cxd4 13. cxd4 f5 14. exf5 exf5 15. d5 Nb4 16. Ne5 Bd6 17. Ng6 Re8 18. Re3 Bb7 19. Rxe8+ Qxe8 20. Bf4 Bxf4 21. Rxb4 Bd6 22. Rb3 Qe4 23. Kf1 Bc5 24. Bf3 Qc4+ 25. Kg1 Rd8 26. Rb2 Re8 27. d6 Qc3 28. Re2 Be4 29. d7 Rd8 30. Bxe4 fxe4 31. Rxe4 Qf6 32. Qd5+ Kh7 33. Rf4 Qd6 34. Qf5 Kg8 35. Qf7+ Kh7 36. Qf5 Kg8 37. Qf7+ Kh7 38. g3 Qxd7 39. Qxd7 Rxd7 40. Re4 Kg8 41. Re2 Rc7 42. Kg2 b5 43. Re6 b4 44. f4 Kf7 45. f5 Bd4 46. Nh8+ Kf8 47. Ng6+ Kf7 48. Kf3 Rc3+ 49. Ke4 Bf6 50. Ra6 Rxg3 51. Rxa7+ Ke8 52. Kd5 Rh3 53. Nf4 Rf3 54. Ke4 Rf2 55. Ne6 Rg2 56. Kd5 Rf2 57. Nxg7+ Bxg7 58. Rxg7 Kf8 59. Rb7 Rxf5+ 60. Ke6 1/2-1/2

[Event "Czech Open GM 2020"]
[Site "Pardubice"]
[Date "2020.09.27"]
[Round "8.16"]
[White "Sorensen, Hampus"]
[Black "Rocco, Federico"]
[Result "1-0"]
[ECO "E12"]
[WhiteElo "2361"]
[BlackElo "2123"]
[Annotator "ChessBase"]
[PlyCount "103"]
[EventDate "2020.09.21"]
[EventCountry "CZE"]
[SourceTitle "playchess.com"]
[Source "ChessBase"]
[SourceQuality "1"]
[TimeControl "40/5400+30:1800+30"]

1. d4 Nf6 2. c4 e6 3. Nf3 b6 4. a3 Bb7 5. Bf4 c5 6. dxc5 bxc5 7. Nc3 d6 8. Qb3 Bc6 9. Rd1 Be7 10. Nb5 Qa5+ 11. Qc3 Qxc3+ 12. Nxc3 e5 13. Bc1 Nbd7 14. e3 Rb8 15. Be2 O-O 16. O-O Rb6 17. Nd2 e4 18. f3 Ne5 19. f4 Ng6 20. g3 Re8 21. Rfe1 Bd8 22. Nb5 Bxb5 23. cxb5 d5 24. Nb3 Be7 25. a4 Rbb8 26. Na5 d4 27. exd4 cxd4 28. Nc6 Bc5 29. b4 Bb6 30. Nxb8 d3+ 31. Kg2 dxe2 32. Rxe2 Rxb8 33. a5 Bd8 34. Be3 Be7 35. b6 axb6 36. a6 Nf8 37. a7 Ra8 38. Bxb6 N6d7 39. Rxe4 Nxb6 40. Rxe7 g6 41. Rb7 Nc8 42. Rb8 Rxa7 43. Rxc8 Kg7 44. Rb1 Rb7 45. b5 Nd7 46. Rc6 Nb6 47. Kf3 h5 48. Ke4 Kf8 49. f5 Kg7 50. fxg6 fxg6 51. Kd4 Kh6 52. h4 1-0

[Event "Czech Open GM 2020"]
[Site "Pardubice"]
[Date "2020.09.27"]
[Round "8.17"]
[White "Siekanski, Janusz"]
[Black "Finek, Vaclav"]
[Result "1-0"]
[ECO "D87"]
[WhiteElo "2184"]
[BlackElo "2344"]
[Annotator "ChessBase"]
[PlyCount "83"]
[EventDate "2020.09.21"]
[EventCountry "CZE"]
[SourceTitle "playchess.com"]
[Source "ChessBase"]
[SourceQuality "1"]
[TimeControl "40/5400+30:1800+30"]

1. d4 Nf6 2. c4 g6 3. Nc3 d5 4. cxd5 Nxd5 5. e4 Nxc3 6. bxc3 Bg7 7. Bc4 c5 8. Ne2 O-O 9. O-O Nc6 10. Be3 Bd7 11. Rc1 Qc7 12. Qd2 Rfd8 13. Bh6 Bh8 14. h4 Na5 15. Bd3 Bg4 16. f3 Be6 17. d5 c4 18. Bc2 Bd7 19. h5 Be8 20. Bf4 Qc8 21. hxg6 hxg6 22. Kf2 Qc5+ 23. Be3 Qd6 24. Rh1 Bg7 25. Rh4 e6 26. Rch1 Kf8 27. Rh7 Bf6 28. f4 e5 29. fxe5 Bxe5 30. Bg5 Bf6 31. Qe3 Bb5 32. Nd4 Bd7 33. Ne6+ Bxe6 34. Bxf6 Ke8 35. Rh8+ Kd7 36. Rxd8+ Rxd8 37. dxe6+ Kxe6 38. Bxd8 Qxd8 39. Qh3+ Ke5 40. Qg3+ Ke6 41. Rd1 Qe7 42. Qg4+ 1-0

[Event "Czech Open GM 2020"]
[Site "Pardubice"]
[Date "2020.09.27"]
[Round "8.18"]
[White "Dehmel, Jens"]
[Black "Rabatin, Jakub"]
[Result "1/2-1/2"]
[ECO "E95"]
[WhiteElo "2040"]
[BlackElo "2291"]
[Annotator "ChessBase"]
[PlyCount "116"]
[EventDate "2020.09.21"]
[EventCountry "CZE"]
[SourceTitle "playchess.com"]
[Source "ChessBase"]
[SourceQuality "1"]
[TimeControl "40/5400+30:1800+30"]

1. d4 Nf6 2. c4 g6 3. Nc3 Bg7 4. e4 d6 5. Nf3 O-O 6. Be2 e5 7. O-O Na6 8. Re1 exd4 9. Nxd4 Nc5 10. Bf1 Re8 11. f3 a5 12. Be3 c6 13. Qd2 a4 14. b4 axb3 15. axb3 Rxa1 16. Rxa1 Nfd7 17. Rb1 Ne5 18. b4 Ne6 19. Nb3 Qf6 20. Rc1 g5 21. b5 Nf4 22. bxc6 bxc6 23. Na5 h5 24. Rd1 Be6 25. Kh1 Bh6 26. Nb7 g4 27. g3 Nxf3 28. Qc1 Bg7 29. gxf4 Qxc3 30. Qxc3 Bxc3 31. Nxd6 Ra8 32. e5 Bb4 33. Ne4 Ra2 34. Bg2 Nh4 35. Bf1 Nf3 36. Bg2 Bxc4 37. Nf6+ Kg7 38. Nxh5+ Kg6 39. Ng3 Bd5 40. f5+ Kh7 41. Nh5 Be7 42. f6 Bb4 43. Nf4 Be4 44. h3 gxh3 45. Nxh3 Re2 46. Nf2 Bd5 47. Ng4 Nxe5 48. Bxd5 Nxg4 49. Be4+ Kg8 50. Rd8+ Bf8 51. Bc5 Nf2+ 52. Kg1 Nxe4 53. Rxf8+ Kh7 54. Rxf7+ Kg6 55. Rc7 Nxc5 56. Rxc6 Ne6 57. Kf1 Re5 58. Kf2 Kxf6 1/2-1/2

[Event "Czech Open GM 2020"]
[Site "Pardubice"]
[Date "2020.09.27"]
[Round "8.19"]
[White "Terziev, Dimo"]
[Black "Mica, Marek"]
[Result "0-1"]
[ECO "C11"]
[WhiteElo "2157"]
[BlackElo "2290"]
[Annotator "ChessBase"]
[PlyCount "82"]
[EventDate "2020.09.21"]
[EventCountry "CZE"]
[SourceTitle "playchess.com"]
[Source "ChessBase"]
[SourceQuality "1"]
[TimeControl "40/5400+30:1800+30"]

1. e4 e6 2. d4 d5 3. Nc3 Nf6 4. e5 Nfd7 5. f4 c5 6. Nf3 Nc6 7. Be3 h6 8. Qd2 g5 9. fxg5 cxd4 10. Bxd4 hxg5 11. g4 Bg7 12. Bb5 Nxd4 13. Qxd4 a6 14. Bxd7+ Bxd7 15. O-O-O Rc8 16. Qe3 Rh3 17. Kb1 Rc4 18. Qxg5 Qxg5 19. Nxg5 Rh6 20. Rdf1 f6 21. exf6 Bxf6 22. Nf7 Kxf7 23. g5 Rg6 24. h4 Kg7 25. gxf6+ Rxf6 26. Rfg1+ Rg6 27. Re1 Rf4 28. h5 Rh6 29. b3 Rf5 30. Ne2 e5 31. Rhg1+ Kf6 32. Rg8 Rfxh5 33. Ng3 Rh3 34. Rf1+ Ke6 35. Rg7 Bc6 36. Rf8 Rf6 37. Rc8 Rh2 38. Rcc7 Kd6 39. Rc8 a5 40. a4 Rff2 41. c4 dxc4 0-1

[Event "Czech Open GM 2020"]
[Site "Pardubice"]
[Date "2020.09.27"]
[Round "8.20"]
[White "Simek, Petr"]
[Black "Wahlund, Max"]
[Result "1-0"]
[ECO "A36"]
[WhiteElo "2289"]
[BlackElo "2153"]
[Annotator "ChessBase"]
[PlyCount "95"]
[EventDate "2020.09.21"]
[EventCountry "CZE"]
[SourceTitle "playchess.com"]
[Source "ChessBase"]
[SourceQuality "1"]
[TimeControl "40/5400+30:1800+30"]

1. c4 c5 2. g3 Nc6 3. Bg2 e5 4. Nc3 g6 5. a3 a5 6. e3 Bg7 7. Nge2 Nge7 8. d3 d6 9. Bd2 Be6 10. Nd5 O-O 11. Nec3 Rb8 12. O-O Qd7 13. Qa4 Bh3 14. Nxe7+ Nxe7 15. Qxa5 Bxg2 16. Kxg2 Qc6+ 17. f3 d5 18. e4 dxc4 19. dxc4 b6 20. Qb5 Qxb5 21. cxb5 Rfd8 22. Be3 Kf8 23. Kf2 Rd7 24. Ke2 Rbd8 25. Rfd1 Ke8 26. a4 Rxd1 27. Rxd1 Rxd1 28. Kxd1 Kd7 29. Kc2 f5 30. Kd3 Ke6 31. b3 Bf8 32. Bg5 Nc8 33. Nd5 Kd7 34. Nf6+ Ke6 35. Nxh7 Be7 36. h4 fxe4+ 37. fxe4 Nd6 38. Bxe7 Kxe7 39. Ng5 Kf6 40. Nf3 c4+ 41. bxc4 Nb7 42. Kc3 Nc5 43. Kb4 Nxe4 44. a5 bxa5+ 45. Kxa5 Nc5 46. Kb6 e4 47. Ne1 Nd7+ 48. Kc7 1-0

[Event "Czech Open GM 2020"]
[Site "Pardubice"]
[Date "2020.09.28"]
[Round "9.1"]
[White "Vrolijk, Liam"]
[Black "Van Foreest, Lucas"]
[Result "0-1"]
[ECO "A92"]
[WhiteElo "2481"]
[BlackElo "2531"]
[Annotator "ChessBase"]
[PlyCount "60"]
[EventDate "2020.09.21"]
[EventCountry "CZE"]
[SourceTitle "playchess.com"]
[Source "ChessBase"]
[SourceQuality "1"]
[TimeControl "40/5400+30:1800+30"]

1. c4 f5 2. d4 Nf6 3. g3 d6 4. Nf3 e6 5. Bg2 Be7 6. Nc3 O-O 7. b3 Ne4 8. Bb2 b6 9. Nd2 d5 10. cxd5 exd5 11. O-O Bb7 12. Nf3 Nd7 13. e3 a5 14. Rc1 Nxc3 15. Bxc3 c6 16. Qc2 Bd6 17. Ne1 Qe7 18. Nd3 Rae8 19. Rb1 Rf6 20. b4 axb4 21. Bxb4 Ra8 22. Rfc1 Bxb4 23. Nxb4 Qd6 24. a4 Ra5 25. Qb3 Rf8 26. Rc3 Kh8 27. Rbc1 c5 28. dxc5 Nxc5 29. Qc2 Nxa4 30. Rc7 Nc5 0-1

[Event "Czech Open GM 2020"]
[Site "Pardubice"]
[Date "2020.09.28"]
[Round "9.2"]
[White "Stocek, Jiri"]
[Black "Kevlishvili, Robby"]
[Result "1/2-1/2"]
[ECO "D30"]
[WhiteElo "2595"]
[BlackElo "2478"]
[Annotator "ChessBase"]
[PlyCount "76"]
[EventDate "2020.09.21"]
[EventCountry "CZE"]
[SourceTitle "playchess.com"]
[Source "ChessBase"]
[SourceQuality "1"]
[TimeControl "40/5400+30:1800+30"]

1. d4 d5 2. c4 e6 3. Nf3 a6 4. Nc3 dxc4 5. a4 Nc6 6. e3 Na5 7. Ne5 Nf6 8. Bxc4 Nxc4 9. Nxc4 b6 10. e4 Bb7 11. f3 Be7 12. Be3 O-O 13. O-O Qd7 14. Qb3 Rfd8 15. Rfd1 Qe8 16. Rac1 Rac8 17. Ne2 Bc6 18. Ra1 Nd7 19. Nf4 Bb7 20. Nd3 Nb8 21. a5 b5 22. Nce5 Nc6 23. Nxc6 Bxc6 24. Rac1 b4 25. Qc2 Bb5 26. Nc5 Rb8 27. b3 Bd6 28. Nd3 c6 29. Nb2 Bc7 30. Nc4 h6 31. Bf2 Qe7 32. Ne5 Bxe5 33. dxe5 Rxd1+ 34. Rxd1 Rd8 35. f4 Rd7 36. h3 Qd8 37. Rxd7 Qxd7 38. Bc5 Qd3 1/2-1/2

[Event "Czech Open GM 2020"]
[Site "Pardubice"]
[Date "2020.09.28"]
[Round "9.3"]
[White "Noe, Christopher"]
[Black "Mendonca, Leon Luke"]
[Result "1/2-1/2"]
[ECO "D46"]
[WhiteElo "2519"]
[BlackElo "2490"]
[Annotator "ChessBase"]
[PlyCount "128"]
[EventDate "2020.09.21"]
[EventCountry "CZE"]
[SourceTitle "playchess.com"]
[Source "ChessBase"]
[SourceQuality "1"]
[TimeControl "40/5400+30:1800+30"]

1. d4 Nf6 2. c4 c6 3. Nc3 d5 4. Nf3 e6 5. e3 Nbd7 6. Qc2 Bd6 7. Bd3 O-O 8. O-O dxc4 9. Bxc4 b5 10. Be2 a6 11. Ng5 Be7 12. Nge4 Bb7 13. a3 c5 14. Nxc5 Nxc5 15. dxc5 Bxc5 16. Nxb5 Rc8 17. Nc3 Bd6 18. h3 Bb8 19. Qa4 Qc7 20. f4 Qb6 21. Qb4 Qa7 22. Bf3 Bxf3 23. Rxf3 Rfd8 24. Qa4 Qb7 25. Qc2 Ba7 26. Bd2 Rd7 27. Re1 h6 28. Kh2 Rcd8 29. Bc1 e5 30. e4 Bd4 31. f5 Rc8 32. Qe2 Rdc7 33. Qc2 Bxc3 34. bxc3 Rc4 35. Rfe3 Qc6 36. Qf2 Nxe4 37. Qf3 Nf6 38. Qxc6 R8xc6 39. Rxe5 Rxc3 40. Bb2 Rb3 41. R1e2 h5 42. Rd2 Rcb6 43. Rd8+ Kh7 44. Bd4 R6b5 45. Rxb5 Rxb5 46. Ra8 Ra5 47. Bb2 Ne4 48. Ra7 f6 49. Re7 Ra4 50. Rc7 h4 51. Kg1 Kh6 52. Bc1+ Kh7 53. Bb2 Nd6 54. Rd7 Nxf5 55. Bxf6 Rxa3 56. Kf2 Kg6 57. Be5 Ra5 58. Bc3 Ra3 59. Rc7 Ra2+ 60. Kf3 Ra4 61. Rc6+ Kf7 62. Rc7+ Kg6 63. Rc6+ Kf7 64. Rc7+ Kg6 1/2-1/2

[Event "Czech Open GM 2020"]
[Site "Pardubice"]
[Date "2020.09.28"]
[Round "9.4"]
[White "Jarmula, Lukasz"]
[Black "Golubka, Petro"]
[Result "1-0"]
[ECO "E20"]
[WhiteElo "2444"]
[BlackElo "2488"]
[Annotator "ChessBase"]
[PlyCount "66"]
[EventDate "2020.09.21"]
[EventCountry "CZE"]
[SourceTitle "playchess.com"]
[Source "ChessBase"]
[SourceQuality "1"]
[TimeControl "40/5400+30:1800+30"]

1. d4 Nf6 2. c4 e6 3. Nc3 Bb4 4. f3 d5 5. a3 Be7 6. e4 dxe4 7. fxe4 c5 8. d5 exd5 9. exd5 O-O 10. Be2 Re8 11. Nf3 Bg4 12. O-O Nbd7 13. d6 Bf8 14. h3 Bh5 15. Nb5 Qb6 16. Nc7 Bxd6 17. Nxa8 Rxa8 18. Nh4 Bg6 19. Nxg6 hxg6 20. Bf3 Be5 21. Be3 Re8 22. Rb1 Bb8 23. Re1 a5 24. Bf2 Rd8 25. Qe2 Qc7 26. Kf1 Qh2 27. Bg1 Qh1 28. Qf2 Ne5 29. Rbd1 Rf8 30. Bxb7 Nh5 31. Re3 Nxc4 32. Rc3 Nd6 33. Bd5 Nf5 1-0

[Event "Czech Open GM 2020"]
[Site "Pardubice"]
[Date "2020.09.28"]
[Round "9.5"]
[White "Plat, Vojtech"]
[Black "Sorensen, Hampus"]
[Result "1-0"]
[ECO "D13"]
[WhiteElo "2566"]
[BlackElo "2361"]
[Annotator "ChessBase"]
[PlyCount "57"]
[EventDate "2020.09.21"]
[EventCountry "CZE"]
[SourceTitle "playchess.com"]
[Source "ChessBase"]
[SourceQuality "1"]
[TimeControl "40/5400+30:1800+30"]

1. d4 d5 2. c4 c6 3. Nc3 Nf6 4. cxd5 cxd5 5. Bf4 Nc6 6. e3 a6 7. Rc1 Bf5 8. Nf3 e6 9. Qb3 Ra7 10. Ne5 Be7 11. Nxc6 bxc6 12. Be2 Nd7 13. Na4 Qa5+ 14. Kf1 O-O 15. Rxc6 g5 16. Bg3 Bg6 17. f3 Qd8 18. Qc3 a5 19. Kf2 Bb4 20. Qc1 Re8 21. a3 Bf8 22. Rc7 Qa8 23. Bb5 Rxc7 24. Qxc7 Rc8 25. Qxd7 Rc2+ 26. Be2 Bd3 27. Re1 Qa6 28. Nc3 Rxb2 29. Qd8 1-0

[Event "Czech Open GM 2020"]
[Site "Pardubice"]
[Date "2020.09.28"]
[Round "9.6"]
[White "Petr, Martin"]
[Black "Stalmach, Richard"]
[Result "1-0"]
[ECO "C00"]
[WhiteElo "2484"]
[BlackElo "2287"]
[Annotator "ChessBase"]
[PlyCount "41"]
[EventDate "2020.09.21"]
[EventCountry "CZE"]
[SourceTitle "playchess.com"]
[Source "ChessBase"]
[SourceQuality "1"]
[TimeControl "40/5400+30:1800+30"]

1. e4 c5 2. Nf3 e6 3. d3 Nc6 4. g3 d5 5. Qe2 Nf6 6. Bg2 Be7 7. O-O O-O 8. e5 Nd7 9. c4 Rb8 10. h4 h6 11. Bf4 d4 12. Na3 b6 13. Rfe1 a6 14. Qd2 Bb7 15. Bxh6 gxh6 16. Qxh6 Nb4 17. Ng5 Bxg5 18. hxg5 Nxd3 19. Re4 Qe7 20. Rh4 f5 21. gxf6 1-0

[Event "Czech Open GM 2020"]
[Site "Pardubice"]
[Date "2020.09.28"]
[Round "9.8"]
[White "Zwardon, Vojtech"]
[Black "Storme, Isak"]
[Result "1/2-1/2"]
[ECO "E61"]
[WhiteElo "2455"]
[BlackElo "2353"]
[Annotator "ChessBase"]
[PlyCount "101"]
[EventDate "2020.09.21"]
[EventCountry "CZE"]
[SourceTitle "playchess.com"]
[Source "ChessBase"]
[SourceQuality "1"]
[TimeControl "40/5400+30:1800+30"]

1. c4 e5 2. g3 d6 3. Bg2 g6 4. Nc3 Bg7 5. e3 Nf6 6. d4 exd4 7. exd4 O-O 8. Nge2 Nc6 9. O-O Re8 10. h3 Ne7 11. d5 a6 12. Qd2 Rb8 13. a4 Nd7 14. Nd4 Ne5 15. b3 c5 16. dxc6 bxc6 17. f4 c5 18. fxe5 cxd4 19. Nd5 dxe5 20. Qf2 Be6 21. Bg5 f5 22. Nxe7+ Rxe7 23. g4 h6 24. Bxe7 Qxe7 25. gxf5 Bxf5 26. Qg3 Rf8 27. Rae1 e4 28. Bxe4 Bxe4 29. Rf4 Be5 30. Rfxe4 Bxg3 31. Rxe7 Bxe1 32. Rxe1 Rf3 33. b4 Rc3 34. c5 Kf7 35. Kf2 Rc4 36. Rb1 Ke6 37. b5 axb5 38. axb5 Rxc5 39. b6 Rc8 40. Ke2 Kd5 41. Kd3 Rc3+ 42. Kd2 Rc8 43. b7 Rb8 44. Kd3 g5 45. Rb4 Kc6 46. Kxd4 Rxb7 47. Rxb7 Kxb7 48. Ke5 h5 49. Kf5 g4 50. hxg4 hxg4 51. Kxg4 1/2-1/2

[Event "Czech Open GM 2020"]
[Site "Pardubice"]
[Date "2020.09.28"]
[Round "9.9"]
[White "Parvanyan, Ashot"]
[Black "Nemec, Jachym"]
[Result "1-0"]
[ECO "D23"]
[WhiteElo "2458"]
[BlackElo "2150"]
[Annotator "ChessBase"]
[PlyCount "59"]
[EventDate "2020.09.21"]
[EventCountry "CZE"]
[SourceTitle "playchess.com"]
[Source "ChessBase"]
[SourceQuality "1"]
[TimeControl "40/5400+30:1800+30"]

1. Nf3 Nf6 2. c4 c6 3. d4 d5 4. Qb3 dxc4 5. Qxc4 Bf5 6. g3 Nbd7 7. Bg2 e6 8. O-O Be7 9. Re1 Rc8 10. Nc3 b5 11. Qb3 b4 12. Na4 Be4 13. Bg5 O-O 14. Bxf6 Nxf6 15. Nc5 Bxf3 16. Bxf3 Bxc5 17. dxc5 Qa5 18. Rec1 Rc7 19. Rc4 Rb8 20. a3 Nd7 21. Rxb4 Rbc8 22. Rd1 Qxc5 23. Rbd4 Nf8 24. Rd8 Rxd8 25. Rxd8 Qe7 26. Qb8 Rd7 27. Re8 Qc5 28. b4 Qd6 29. Qc8 a5 30. Rxf8+ 1-0

[Event "Czech Open GM 2020"]
[Site "Pardubice"]
[Date "2020.09.28"]
[Round "9.10"]
[White "Mica, Marek"]
[Black "Haba, Petr"]
[Result "1/2-1/2"]
[ECO "D27"]
[WhiteElo "2290"]
[BlackElo "2461"]
[Annotator "ChessBase"]
[PlyCount "75"]
[EventDate "2020.09.21"]
[EventCountry "CZE"]
[SourceTitle "playchess.com"]
[Source "ChessBase"]
[SourceQuality "1"]
[TimeControl "40/5400+30:1800+30"]

1. d4 d5 2. c4 dxc4 3. Nf3 Nf6 4. e3 e6 5. Bxc4 c5 6. O-O a6 7. dxc5 Bxc5 8. Qxd8+ Kxd8 9. Nbd2 Ke7 10. Be2 Nc6 11. Nc4 Nd7 12. Bd2 b5 13. Na5 Nxa5 14. Bxa5 Bb7 15. Rac1 Rhc8 16. Nd2 Bd6 17. Nb3 Ne5 18. f3 Bd5 19. Nd4 Nc4 20. Bxc4 Bxc4 21. Rfd1 g6 22. b3 Bd5 23. Nc2 Be5 24. Nb4 Bb7 25. Nd3 Bd6 26. Kf2 Ba3 27. Bb4+ Bxb4 28. Nxb4 a5 29. Nd3 b4 30. Ne5 Bd5 31. e4 f6 32. Nd3 Bb7 33. Ke3 Ba6 34. Rxc8 Rxc8 35. Rc1 Rxc1 36. Nxc1 e5 37. Nd3 Kd6 38. g3 1/2-1/2